 Dungeon Crawl Stone Soup version 0.25-b1-37-g2669288c55 (webtiles) character file.

Game seed: 9867577248187179432

95072 tobi4572 the Unseen (level 16, 0/82 HPs)
             Began as a Vine Stalker Berserker on June 6, 2020.
             Was an Elder of Kikubaaqudgha.
             Slain by a deep troll (13 damage)
             ... created by the rage of Trog
             ... on level 13 of the Dungeon.
             The game lasted 01:27:41 (23311 turns).

tobi4572 the Unseen (Vine Stalker Berserker)       Turns: 23311, Time: 01:27:42

Health: 0/82       AC: 13    Str: 17 (20) XL:     16   Next: 13%
Magic:  0/17       EV: 26    Int:  7      God:    Kikubaaqudgha [****..]
Gold:   1717       SH:  0    Dex: 21      Spells: 15/15 levels left

rFire    . . .     SeeInvis .   S - +3 triple sword (vorpal)
rCold    + + .     Gourm    .   (shield currently unavailable)
rNeg     . . .     Faith    .   H - +0 robe {MR+}
rPois    +         Spirit   +   O - +2 helmet of Stoicism {rPois rCorr}
rElec    +         Reflect  .   D - +2 cloak
rCorr    +         Harm     .   N - +3 pair of gloves "Toucrust" {rElec rC+ Regen+}
MR       +++..                  u - +0 pair of boots
Stlth    +++++++...             i - amulet of guardian spirit
HPRegen  1.43/turn              Y - ring of Megalomania {+Blink rC+}
MPRegen  0.15/turn              R - +4 ring of evasion

@: no status effects
A: fangs 3, regeneration 2, magic shield, antimagic bite, no potion heal 3, rot
immunity
a: Receive Corpses, Renounce Religion, Evoke Blink


You were on level 13 of the Dungeon.
You worshipped Kikubaaqudgha.
Kikubaaqudgha was greatly pleased with you.
You were very hungry.

You visited 5 branches of the dungeon, and saw 23 of its levels.

You collected 2575 gold pieces.
You spent 858 gold pieces at shops.

Inventory:

Hand Weapons
 S - a +3 vorpal triple sword (weapon)
 U - a +4 vorpal quick blade
Armour
 u - a +0 pair of boots (worn)
 D - a +2 cloak (worn)
 H - a +0 robe of magic resistance (worn)
 N - the +3 pair of gloves "Toucrust" (worn) {rElec rC+ Regen+}
   (You found it on level 3 of the Lair of Beasts)

   It protects you from cold.
   It insulates you from electricity.
   It increases your rate of regeneration.
 O - the +2 helmet of Stoicism (worn) {rPois rCorr}
   (You found it on level 9 of the Dungeon)

   It protects you from poison.
   It provides partial protection from all sources of acid and corrosion.
 W - a +0 kite shield
Jewellery
 g - an uncursed ring of fire
 i - an amulet of guardian spirit (around neck)
 r - an uncursed ring of poison resistance
 F - an uncursed ring of protection from magic
 L - an uncursed ring of stealth
 R - a +4 ring of evasion (right hand)
 T - an uncursed ring of poison resistance
 Y - the ring of Megalomania (left hand) {+Blink rC+}
   (You acquired it on level 2 of the Orcish Mines)

   [ring of protection from cold]

   It protects you from cold.
   It lets you blink.
Wands
 l - a wand of polymorph (9)
Scrolls
 d - 6 scrolls of identify
 m - 5 scrolls of teleportation
 n - a scroll of summoning {unknown}
 o - 3 scrolls of enchant armour
 p - 6 scrolls of fog
 q - 4 scrolls of magic mapping
 s - 4 scrolls of blinking
 v - 7 scrolls of remove curse
 w - 5 scrolls of fear
 X - a scroll of amnesia
Potions
 a - a potion of mutation {unknown}
 b - 2 potions of stabbing
 e - 2 potions of cancellation
 f - 3 potions of heal wounds {unknown}
 j - 3 potions of brilliance
 k - 11 potions of curing
 t - a potion of might {unknown}
 x - 2 potions of resistance {unknown}
 z - a potion of berserk rage {unknown}
 A - 5 potions of haste
 B - a potion of flight
 C - 6 potions of invisibility
 E - 2 potions of magic {unknown}
Comestibles
 c - 19 rations


   Skills:
 - Level 8.4 Fighting
 - Level 15.5 Short Blades
 - Level 1.5 Armour
 + Level 11.4 Dodging
 + Level 16.4 Stealth
 * Level 7.1 Shields
 + Level 5.2 Necromancy


You had 15 spell levels left.
You didn't know any spells.
Your spell library contained the following spells:

 Spells                   Type           Power        Failure   Level  Hunger
 Animate Skeleton         Necr           N/A          5%          1    ##.....
 Pain                     Necr           #...         5%          1    ##.....
 Sublimation of Blood     Necr           #.........   9%          2    ###....
 Vampiric Draining        Necr           #.........   17%         3    ####...
 Animate Dead             Necr           N/A          50%         4    #####..
 Dispel Undead            Necr           #.......     50%         4    #####..
 Confusing Touch          Hex            #.......     80%         3    ####...
 Gell's Gravitas          Tloc           #.........   80%         3    ####...
 Agony                    Necr           #.......     83%         5    ######.
 Petrify                  Tmut/Erth      #.......     99%         4    #####..
 Borgnjor's Vile Clutch   Necr/Erth      #.........   99%         5    ######.
 Metabolic Englaciation   Hex/Ice        #.........   100%        5    ######.
 Yara's Violent Unravell  Hex/Tmut       #.........   100%        5    ######.
 Death Channel            Necr           #.........   100%        6    #######


Dungeon Overview and Level Annotations

Branches:
Dungeon (13/15)            Temple (1/1) D:4            Lair (6/6) D:8
  Swamp (0/4) Lair:4       Spider (0/4) Lair:4        Slime (1/5) Lair:6
    Orc (2/2) D:12            Elf (0/3) Orc:2        Vaults (0/5) D:13

Altars:
Dithmenos
Fedhas
Kikubaaqudgha
Makhleb
Qazlal
Ru
Sif Muna
Trog
Uskayaw
Wu Jian
Xom
The Shining One
Beogh
Jiyva

Shops:
D:4 ?   D:5 :   D:6 %   D:12 :   Orc:2 !(((*

Annotations:
Lair:5 exclusion: 2 oklob plants


Innate Abilities, Weirdness & Mutations

You have razor-sharp teeth.
You heal very quickly.
When hurt, damage is shared between your health and your magic reserves.
Your bite disrupts and absorbs the magic of your enemies.
Potions cannot restore your health.
You are immune to rotting.


Message History

You slash the deep troll!
You bite the deep troll, but do no damage.
The deep troll is moderately wounded.
The deep troll closely misses you. The deep troll completely misses you.
The deep troll claws you but does no damage.
The deep troll bites you!
The deep troll claws you but does no damage.
The deep troll completely misses you.
You barely miss the deep troll.
The deep troll is moderately wounded.
The deep troll bites you!!
* * * LOW HITPOINT WARNING * * *
The deep troll barely misses you. The deep troll closely misses you.
The deep troll completely misses you. The deep troll claws you!
* * * LOW HITPOINT WARNING * * *
The deep troll completely misses you.
The deep troll rages.
The deep troll misses you. The deep troll claws you!
You die...
Kikubaaqudgha rasps: "You have failed me!
Welcome... death!"

## #)##...............#
#.# # #K######........####
#.# #)# ##.###...# #.# #K#
### ##.## #.# #K# ### #.#
#K# #.# #.# #.#
#K######################.#
#.....KKK.KT@............#
##########################


You could see a deep troll (berserk) and 4 big kobolds.

Vanquished Creatures
  Gastronok (Orc:1)
  An ironheart preserver (D:13)
  An ettin (Orc:2)
  2 ogre magi (Orc:2)
  Josephine (D:11)
  Harold (D:11)
  Erolcha (D:12)
  The ghost of Liimbo the Fighter, a journeyman FoWn of Cheibriados (D:13)
  5 hydras
  Erica (D:8)
  3 centaur warriors (D:13)
  4 catoblepae
  11 two-headed ogres
  16 death yaks
  Urug (Lair:4)
  An orc high priest (Orc:2)
  Nergalle (D:12)
  Sonja (Orc:1)
  3 skeletal warriors (D:11)
  An iron troll (D:13)
  3 deep trolls
  2 unseen horrors
  An orc knight (Orc:2)
  5 ugly things
  A deep elf mage (D:9)
  6 orc sorcerers
  3 manticores
  2 elephants (Lair:5)
  4 cyclopes
  4 black mambas
  A gargoyle (D:11)
  6 rime drakes
  11 spiny frogs
  4 komodo dragons
  3 kobold demonologists (D:13)
  A tengu conjurer (D:13)
  3 meliai (Lair:5)
  5 jumping spiders (Lair:4)
  11 trolls
  Prince Ribbit (D:6)
  2 polar bears
  15 blink frogs
  8 hippogriffs
  A spriggan (D:9)
  A shadow (D:9)
  3 redbacks (Lair:4)
  5 wraiths
  61 yaks
  A tarantella (shapeshifter) (D:13)
  3 wyverns
  10 basilisks
  2 vampire mosquitoes (D:12)
  2 hungry ghosts
  3 wargs
  2 soldier ants
  10 water moccasins
  9 porcupines
  2 black bears
  20 orc warriors
  6 sky beasts
  2 necrophages
  28 ogres
  10 centaurs
  A phantom (D:5)
  14 wolves
  13 crocodiles
  4 big kobolds
  13 bullfrogs
  A gnoll sergeant (Orc:1)
  A wyvern zombie (D:8)
  7 scorpions
  37 killer bees
  An electric eel (Lair:4)
  3 wights
  4 howler monkeys
  3 bullfrog zombies
  5 crimson imps
  3 centaur zombies
  A quasit (D:9)
  12 orc priests
  9 hounds
  29 orc wizards
  3 centaur skeletons
  4 iguanas
  4 jellies
  A bullfrog skeleton (D:4)
  Ijyb (D:3)
  2 hell rats (Lair:5)
  17 worker ants
  2 hound zombies
  2 worker ant zombies
  8 gnolls
  14 adders
  3 shadow imps
  An adder skeleton (D:4)
  3 worms
  3 dart slugs
  7 leopard geckos
  104 orcs
  4 giant cockroaches
  6 goblins
  4 hobgoblins
  15 jackals
  3 quokkas
  A ball python (D:5)
  7 bats
  2 frilled lizards
  A jackal skeleton (D:7)
  8 kobolds
  A quokka skeleton (D:9)
  A plant (Lair:6)
733 creatures vanquished.

Vanquished Creatures (collateral kills)
  A death yak (Lair:6)
  A centaur zombie (D:10)
  A yak (Lair:6)
  An orc warrior (D:10)
  2 killer bees (D:10)
  An orc (D:10)
7 creatures vanquished.

Vanquished Creatures (others)
  An orc wizard (Orc:1)
  A fungus (D:13)
  10 plants
12 creatures vanquished.

Grand Total: 752 creatures vanquished

Notes
Turn   | Place    | Note
-------+----------+-------------------------------------------
     0 | D:1      | tobi4572 the Vine Stalker Berserker began the quest for the
                  | Orb.
     0 | D:1      | Reached XP level 1. HP: 11/11 MP: 2/2
   627 | D:1      | Reached XP level 2. HP: 16/16 MP: 3/3
   649 | D:1      | Reached skill level 1 in Stealth
  1161 | D:2      | Reached XP level 3. HP: 8/19 MP: 2/4
  2225 | D:2      | Reached skill level 2 in Stealth
  2225 | D:2      | Gained mutation: Your natural rate of healing is unusually
                  | fast. [Vine Stalker growth]
  2225 | D:2      | Reached XP level 4. HP: 12/23 MP: 3/5
  2824 | D:3      | Noticed Ijyb
  2849 | D:3      | Killed Ijyb
  2849 | D:3      | Reached ** piety under Trog
  2849 | D:3      | Reached XP level 5. HP: 27/27 MP: 6/6
  2954 | D:3      | Found a burning altar of Makhleb.
  3325 | D:4      | Noticed an ogre
  3331 | D:4      | Killed an ogre
  3331 | D:4      | Reached skill level 3 in Stealth
  3331 | D:4      | Reached XP level 6. HP: 32/32 MP: 7/7
  3623 | D:4      | Reached skill level 5 in Short Blades
  3628 | D:4      | Reached skill level 4 in Stealth
  3805 | D:4      | Reached XP level 7. HP: 30/35 MP: 8/8
  3851 | D:4      | Found a staircase to the Ecumenical Temple.
  3997 | D:4      | Found Lufo's Magic Scroll Emporium.
  4003 | D:4      | Bought a scroll of identify for 26 gold pieces
  4003 | D:4      | Bought a scroll of identify for 26 gold pieces
  4003 | D:4      | Bought a scroll of identify for 26 gold pieces
  4143 | D:5      | Entered Level 5 of the Dungeon
  4192 | D:5      | Reached *** piety under Trog
  4287 | D:5      | Reached skill level 5 in Stealth
  4458 | D:5      | Found Doesm's Book Shop.
  4660 | D:5      | Gained mutation: You have razor-sharp teeth. [Vine Stalker
                  | growth]
  4660 | D:5      | Reached XP level 8. HP: 26/39 MP: 9/9
  5133 | D:6      | Noticed Prince Ribbit
  5143 | D:6      | Killed Prince Ribbit
  5143 | D:6      | Reached skill level 6 in Stealth
  5450 | D:6      | Reached skill level 7 in Stealth
  5522 | D:6      | Reached XP level 9. HP: 43/43 MP: 10/10
  5646 | D:6      | Found Ziod's Food Shoppe.
  5836 | D:7      | Reached **** piety under Trog
  5841 | D:7      | Reached skill level 5 in Dodging
  6413 | D:8      | Noticed Erica
  6425 | D:8      | Killed Erica
  6425 | D:8      | Reached skill level 8 in Stealth
  6644 | D:8      | Reached XP level 10. HP: 6/47 MP: 6/11
  6762 | D:8      | Reached skill level 9 in Stealth
  6793 | D:8      | Found a staircase to the Lair.
  7508 | D:9      | Noticed a two-headed ogre
  7533 | D:9      | Killed a two-headed ogre
  7533 | D:9      | Reached skill level 10 in Short Blades
  7725 | D:9      | Noticed a cyclops
  7735 | D:9      | Killed a cyclops
  7735 | D:9      | Reached skill level 10 in Stealth
  7736 | D:9      | Noticed a white ugly thing
  7738 | D:9      | Reached ***** piety under Trog
  7741 | D:9      | HP: 3/70 [orc warrior/+0 dire flail (16)]
  7744 | D:9      | Got an ebony rapier
  7817 | D:8      | Identified the +3 rapier "Bupis" {protect, rC+ Int+4} (You
                  | found it on level 9 of the Dungeon)
  7822 | D:9      | Noticed an orc sorcerer
  7830 | D:9      | Killed an orc sorcerer
  7836 | D:9      | Noticed a deep elf mage
  7837 | D:9      | Noticed an orc sorcerer
  7838 | D:9      | Killed a deep elf mage
  7847 | D:9      | Killed an orc sorcerer
  7847 | D:9      | Reached XP level 11. HP: 51/51 MP: 12/12
  7941 | D:9      | Killed a white ugly thing
  7945 | D:9      | Reached skill level 11 in Stealth
  8041 | D:9      | Got a translucent scimitar
  8042 | D:9      | Identified the +6 scimitar of the Slashing Stork {chaos,
                  | rN+ Str+2 Dex-4} (You found it on level 9 of the Dungeon)
  8115 | D:9      | Got a jewelled helmet
  8121 | D:9      | Identified the +2 helmet of Stoicism {rPois rCorr} (You
                  | found it on level 9 of the Dungeon)
  8130 | D:9      | Got a pair of warped boots
  8141 | D:9      | Identified the cursed -3 pair of boots "Sauwnyc" {Int+3}
                  | (You found it on level 9 of the Dungeon)
  8574 | D:10     | Entered Level 10 of the Dungeon
  8661 | D:10     | Found a sacrificial altar of Ru.
  8681 | D:10     | Received a gift from Trog
  9516 | Lair:1   | Entered Level 1 of the Lair of Beasts
 10471 | Lair:2   | Gained mutation: You heal very quickly. [Vine Stalker
                  | growth]
 10471 | Lair:2   | Reached XP level 12. HP: 56/56 MP: 13/13
 10611 | Lair:2   | Reached skill level 12 in Stealth
 10726 | Lair:2   | Noticed a death yak
 10727 | Lair:2   | Noticed a death yak
 10729 | Lair:2   | Noticed a death yak
 10729 | Lair:2   | Noticed a death yak
 10733 | Lair:2   | Killed a death yak
 10735 | Lair:2   | Killed a death yak
 10738 | Lair:2   | Killed a death yak
 10739 | Lair:2   | Killed a death yak
 11055 | Lair:3   | Received a gift from Trog
 11376 | Lair:3   | Reached skill level 5 in Fighting
 11622 | Lair:3   | Got a pair of crude gloves
 11633 | Lair:3   | Identified the +3 pair of gloves "Toucrust" {rElec rC+
                  | Regen+} (You found it on level 3 of the Lair of Beasts)
 11984 | Lair:4   | Found a hole to the Spider Nest.
 12108 | Lair:4   | Noticed a death yak
 12109 | Lair:4   | Noticed a death yak
 12110 | Lair:4   | Noticed a death yak
 12123 | Lair:4   | Noticed a death yak
 12124 | Lair:4   | Noticed a death yak
 12132 | Lair:4   | Killed a death yak
 12141 | Lair:4   | Killed a death yak
 12141 | Lair:4   | Reached skill level 13 in Stealth
 12148 | Lair:4   | Killed a death yak
 12148 | Lair:4   | Reached XP level 13. HP: 53/64 MP: 14/14
 12265 | Lair:4   | You fall into a shaft and drop 2 floors!
 12265 | Lair:6   | Entered Level 6 of the Lair of Beasts
 12672 | Lair:4   | Found a staircase to the Swamp.
 12672 | Lair:4   | Noticed Urug
 12710 | Lair:4   | Killed Urug
 13845 | Lair:4   | Reached ****** piety under Trog
 14042 | Lair:5   | Reached skill level 14 in Stealth
 14526 | Lair:5   | Reached XP level 14. HP: 39/72 MP: 10/15
 14933 | Lair:6   | Reached skill level 10 in Dodging
 15222 | Lair:6   | Received a gift from Trog
 15240 | Lair:6   | Reached skill level 15 in Short Blades
 16033 | Lair:6   | Found a viscous altar of Jiyva.
 16034 | Lair:6   | Found a staircase to the Slime Pits.
 16277 | Lair:6   | Identified the Papyrus of Execration
 16431 | Slime:1  | Entered Level 1 of the Pits of Slime
 16431 | Slime:1  | Noticed an acid blob
 16735 | D:11     | Reached skill level 15 in Stealth
 17303 | D:11     | Noticed Harold
 17328 | D:11     | Killed Harold
 17357 | D:11     | Received a gift from Trog
 17691 | D:11     | Reached skill level 1 in Shields
 17691 | D:11     | Reached XP level 15. HP: 78/78 MP: 16/16
 18528 | Temple   | Entered the Ecumenical Temple
 18550 | Temple   | Fell from the grace of Trog
 18550 | Temple   | Became a worshipper of Kikubaaqudgha
 18797 | D:12     | Noticed Josephine
 18881 | D:11     | Killed Josephine
 18881 | D:11     | Reached skill level 1 in Necromancy
 19183 | D:12     | Noticed Nergalle
 19190 | D:12     | Killed Nergalle
 19308 | D:12     | Noticed Erolcha
 19319 | D:12     | Reached * piety under Kikubaaqudgha
 19319 | D:12     | Identified Kikubaaqudgha's Grimoire of Stolen Souls
                  | (Kikubaaqudgha gifted it to you on level 12 of the Dungeon)
 19319 | D:12     | Received a gift from Kikubaaqudgha
 19360 | D:12     | Killed Erolcha
 19443 | D:12     | Found a staircase to the Orcish Mines.
 19468 | D:12     | Found Hiuvemeu's Book Shop.
 19786 | Orc:1    | Entered Level 1 of the Orcish Mines
 20170 | Orc:2    | Entered Level 2 of the Orcish Mines
 20259 | Orc:2    | Found Tayqac's General Store.
 20269 | Orc:2    | Bought a scroll of acquirement for 780 gold pieces
 20276 | Orc:2    | Got the ring of Megalomania {+Blink rC+}
 20304 | Orc:2    | Found a bloodstained altar of Trog.
 20472 | Orc:2    | Reached ** piety under Kikubaaqudgha
 20729 | Orc:2    | Reached skill level 5 in Shields
 20812 | Orc:2    | Reached *** piety under Kikubaaqudgha
 20812 | Orc:2    | Identified Kikubaaqudgha's Reference Book on Black Magic
                  | (Kikubaaqudgha gifted it to you on level 2 of the Orcish
                  | Mines)
 20812 | Orc:2    | Received a gift from Kikubaaqudgha
 20993 | Orc:2    | Reached skill level 16 in Stealth
 21072 | Orc:2    | Found Yphyshruc's Distillery.
 21077 | Orc:2    | Found Tiug Qia's Weapon Shoppe.
 21078 | Orc:2    | Found Gihur's Weapon Shop.
 21098 | Orc:2    | Found Vimonela's Weapon Shoppe.
 21132 | Orc:2    | Found a staircase to the Elven Halls.
 21172 | Orc:2    | Found a roughly hewn altar of Beogh.
 21360 | Orc:1    | Noticed Gastronok
 21440 | Orc:1    | Killed Gastronok
 21638 | Orc:1    | Noticed Sonja
 21641 | Orc:1    | Killed Sonja
 21696 | Orc:1    | Reached **** piety under Kikubaaqudgha
 21867 | Orc:1    | You fall into a shaft and drop 1 floor!
 22176 | D:13     | Found a gate to the Vaults.
 22269 | D:13     | Reached XP level 16. HP: 73/82 MP: 17/17
 22359 | D:13     | Found a shimmering altar of Xom.
 22441 | D:13     | Found a runed translucent gate.
 22441 | D:13     | Found a runed translucent gate.
 22441 | D:13     | Found a runed translucent gate.
 22477 | D:13     | Identified the ring "Lyuriobb" {Ice +Fly Str-2 Stlth+}
 22478 | D:13     | Identified the +7 short sword of Honour {venom, rC- Str+5
                  | Int+3 Stlth+}
 22479 | D:13     | Noticed Liimbo's ghost (journeyman FoWn)
 22480 | D:13     | Identified the +1 whip "Vuzxoniw" {drain, rPois}
 22554 | D:13     | Reached skill level 5 in Necromancy
 23289 | D:13     | Killed Liimbo's ghost
 23311 | D:13     | Slain by a deep troll

Illustrated notes

Levels and vault maps discovered:
D:1:      minmay_arrival_widening_spiral_narrow, layout_basic, hex_large,
          minmay_close_crescents
D:2:      layout_loops_ring, chequers_serial_rivers_marsh
D:3:      layout_loops_ring, nicolae_overflow_crystal_walls, first_ration,
          st_stairs_2, uniq_ijyb
D:4:      layout_cave_pools, minmay_temple_entry_overgrown, serial_shops,
          nicolae_shop_trees
D:5:      layout_basic, serial_shops, nicolae_shop_behind_doors
D:6:      layout_rooms, serial_shops, shop_fountains, minmay_misc_feat_chi,
          uniq_prince_ribbit1
D:7:      layout_rooms
D:8:      layout_gridville, david_lair_shrubbed, uniq_erica
D:9:      minmay_the_grid_4x2 [minmay_the_grid_empty, minmay_the_grid_embedded,
          minmay_the_grid_all_tris, minmay_the_grid_doors,
          minmay_the_grid_small_cups, minmay_the_grid_tri_star,
          minmay_the_grid_pillar_ring,
          minmay_the_grid_prize_four_corners_diamond_b], layout_long_grid,
          the_bakery
D:10:     layout_gridville, nicolae_ru_awakened_eye
D:11:     layout_stronghold, uniq_harold
D:12:     layout_long_grid, david_orc_3, serial_shops, kennysheep_mini_moat,
          uniq_erolcha, uniq_josephine, uniq_nergalle
D:13:     layout_cave_pools, skrybe_vaults_entry_preservation, basic_altar,
          gammafunk_ghost_nasty_kobolds
Temple:   regret_index_temple_sigil_plot
Lair:1:   layout_cave_pods, chequers_serial_rivers_micro_e
Lair:2:   layout_cave_shapes
Lair:3:   layout_regular_city, minmay_hedge_maze
Lair:4:   layout_regular_city, swamp_mist, nicolae_spider_entry_tight_spaces,
          serial_bayou_shore_a, grunt_megastairs_5, uniq_urug
Lair:5:   regret_index_harrowing_hell_hive, layout_cave_pods,
          beast_lair_carwin_9
Lair:6:   evilmike_catoblepas_cave, layout_gridlike,
          dpeg_slime_entry_enclosed_altar, enter_volcano_4, st_stairs_12
Slime:1:  nicolae_slime_jelly_donut, layout_caves
Orc:1:    layout_diamond_mine, uniq_sonja, uniq_gastronok
Orc:2:    st_orc_open, layout_caves, serial_shops, shop, basic_altar,
          lemuel_statue_altar

Skill      XL: |  1  2  3  4  5  6  7  8  9 10 11 12 13 14 15 16 |
---------------+-------------------------------------------------+-----
Short Blades   | 3 4 5 6 7 9 11 12 13 14 15 | 15.5
Stealth        | 1 2 3 4 5 7 8 10 11 13 14 15 16 | 16.4
Dodging        | 2 3 4 5 7 8 9 10 11 | 11.4
Fighting       | 3 5 7 8 |  8.4
Shields        | 1 6 7 |  7.1
Necromancy     | 4 5 |  5.2
Armour         | |  1.5

Action                   |  1- 3 |  4- 6 |  7- 9 | 10-12 | 13-15 | 16-18 || total
-------------------------+-------+-------+-------+-------+-------+-------++-------
Melee: Short sword       |    99 |   176 |   365 |    91 |       |       ||   731
       Bite              |    22 |    66 |   132 |   230 |   808 |   137 ||  1395
       Rapier            |       |       |       |   463 |   591 |       ||  1054
       Quick blade       |       |       |       |       |  1207 |   235 ||  1442
       Triple sword      |       |       |       |       |       |    32 ||    32
Invok: Berserk           |     2 |     3 |     8 |     8 |    15 |       ||    36
       Brothers in Arms  |       |       |       |     1 |     1 |       ||     2
 Abil: Evoke Blink       |       |       |       |       |       |     4 ||     4
Evoke: Wand              |       |       |       |     3 |       |       ||     3
  Use: Scroll            |       |       |     5 |     2 |    21 |     1 ||    29
       Potion            |       |       |       |       |     1 |       ||     1
 Stab: Sleeping          |       |     4 |    10 |    45 |    62 |     2 ||   123
       Distracted        |       |       |     1 |     1 |     5 |       ||     7
       Petrified         |       |       |       |       |     3 |       ||     3
  Eat: Ration            |     2 |       |     2 |     3 |     8 |       ||    15
       Chunk             |       |     7 |    13 |    16 |    20 |     3 ||    59
Armor: Robe              |    11 |    31 |    46 |   109 |   190 |    44 ||   431
       Animal skin       |     2 |       |       |       |       |       ||     2
Dodge: Dodged            |    68 |   112 |   205 |   344 |   978 |   194 ||  1901
Block: Kite shield       |       |       |       |       |   208 |    63 ||   271
       Rpst.: Triple sword |       |       |       |       |       |     8 ||     8
